 Dungeon Crawl Stone Soup version 0.31.0-11-ge490571c62 (webtiles) character file.

Game seed: 9866338347862535178

59 dialectric the Covert (level 3, -7/19 HPs)
             Began as a Spriggan Delver on Jan 27, 2024.
             Mangled by an iguana (14 damage)
             ... on level 4 of the Dungeon.
             The game lasted 00:01:23 (344 turns).

dialectric the Covert (Spriggan Delver)              Turns: 344, Time: 00:01:24

Health: -7/19      AC:  2    Str:  8    XL:     3   Next: 78%
Magic:  4/4        EV: 18    Int: 11    God:
Gold:   15         SH:  0    Dex: 18    Spells: 2/2 levels left

rFire   . . .        a - +0 short sword
rCold   . . .        (no shield)
rNeg    . . .        b - +0 robe
rPois   .            (helmet restricted)
rElec   .            (no cloak)
rCorr   .            (gloves unavailable)
SInv    +            (boots unavailable)
Will    .....        (no amulet)
Stlth   ++++         (no ring)
HPRegen 0.23/turn    (no ring)
MPRegen 0.09/turn

%: no passive effects
@: very quick
A: very small, no large weapons, unfitting armour, see invisible, speed 3
a: no special abilities


You were on level 4 of the Dungeon.
You visited 1 branch of the dungeon, and saw 2 of its levels.

You collected 15 gold pieces.

Inventory:

Hand Weapons
 a - a +0 short sword (weapon)
Armour
 b - a +0 robe (worn)
Wands
 g - a wand of digging (3)
Scrolls
 c - a scroll of fog
 d - a scroll of revelation
 e - a scroll of fear
 h - a scroll of amnesia {unknown}
 i - 2 scrolls of identify {unknown}
 k - a scroll of enchant armour {unknown}
Potions
 f - a potion of haste
 j - a potion of brilliance {unknown}


   Skills:
 + Level 2.6 Fighting
 + Level 2.4 Short Blades
 + Level 3.0 Dodging
 + Level 8.8 Stealth


You had 2 spell levels left.
You didn't know any spells.
Your spell library contained the following spells:

 Spells                   Type           Power      Damage    Failure   Level
 Kiss of Death            Conj/Necr      0%         2d5       34%         1
 Vampiric Draining        Necr           0%         2d6       71%         3
 Dispel Undead            Necr           0%         3d6       98%         4
 Infestation              Necr           0%         N/A       100%        8


Dungeon Overview and Level Annotations

Branches:
Dungeon (5/15)
 Temple: D:4-7

Altars:
The Shining One

Shops:
D:4 [(?


Innate Abilities, Weirdness & Mutations

You are very small and have problems with some larger weapons.
You are too small for most types of armour.
You have supernaturally acute eyesight. (SInv)
You cover ground extremely quickly. (Speed+++)


Message History

The ufetubus is heavily wounded.
The ufetubus barely misses you. The ufetubus misses you.
You hit the ufetubus but do no damage.
The ufetubus is heavily wounded.
The ufetubus hits you but does no damage.
The ufetubus completely misses you.
You hit the ufetubus.
The ufetubus is almost dead.
The ufetubus closely misses you. The ufetubus completely misses you.
The ufetubus closely misses you. The ufetubus completely misses you.
You closely miss the ufetubus.
The ufetubus is almost dead.
The ufetubus hits you. The ufetubus completely misses you.
You miss the ufetubus.
The ufetubus is almost dead.
The ufetubus slips past you! The ufetubus completely misses you.
The ufetubus hits you.
* * * LOW HITPOINT WARNING * * *
The ufetubus attacks as it pursues you! The ufetubus completely misses you.
The ufetubus closely misses you. The ufetubus attacks as it pursues you!
The ufetubus misses you. The ufetubus barely misses you.
You barely miss the ufetubus.
The ufetubus is almost dead.
The ufetubus misses you. The ufetubus barely misses you.
The ufetubus completely misses you. The ufetubus misses you.
You hit the ufetubus.
You kill the ufetubus!
Your Dodging skill increases to level 3!
Found a stone staircase leading up.
There is a stone staircase leading up here.
You climb upwards.
There is a stone staircase leading down here.
Unknown command.
The helpless orc fails to defend itself.
You impale the orc!!
You kill the orc!
The iguana bites you!
Ouch! That really hurt!
You die...

###### ##
###.... ...
##.#.#h#.#..
#...........
##..)....#..
#..l@.h.....
##..K....#..
#......J.....
#.#.......#..
# ...........
.#.#.#.#.#..
#........## #
########.#


You could see a black bear (asleep), an iguana, an endoplasm (asleep), a jackal
(asleep) and a kobold (asleep).

Vanquished Creatures
  A hound (D:5)
  An adder (D:5)
  A white imp (D:5)
  2 ufetubi (D:5)
  2 orcs
7 creatures vanquished.

Notes
Turn   | Place    | Note
-------+----------+-------------------------------------------
     0 | D:5      | dialectric the Spriggan Delver began the quest for the Orb.
     0 | D:5      | Reached XP level 1. HP: 11/11 MP: 2/2
     4 | D:5      | Got the Omnibus of Left-Handed Rites
    19 | D:5      | Reached XP level 2. HP: 16/16 MP: 3/3
    68 | D:5      | Noticed a water moccasin
   128 | D:5      | Reached skill level 8 in Stealth
   128 | D:5      | Reached XP level 3. HP: 3/19 MP: 4/4
   176 | D:5      | Found a glowing golden altar of the Shining One.
   263 | D:4      | Found Dizxetesk's Magic Scroll Shop.
   263 | D:4      | Found Petash's Antique Weapon Shop.
   263 | D:4      | Found Zayddoobb's Armour Shop.
   343 | D:4      | Noticed a black bear
   344 | D:4      | Mangled by an iguana

Illustrated notes

Levels and vault maps discovered:
D:4:      layout_rooms, kennysheep_mini, minmay_temple_entry_arrows,
          nicolae_shop_distant_corner_stores, st_stairs_4
D:5:      layout_loops_ring, lemuel_coloured_pillars_altar

Skill      XL: |  1  2  3 |
---------------+----------+-----
Stealth        | 8 |  8.8
Dodging        | 3 |  3.0
Fighting       | |  2.6
Short Blades   | |  2.4

Action                     || total
---------------------------++-------
  Melee: Short sword       ||    39
   Stab: Sleeping          ||     4
 Armour: Robe              ||    16
  Dodge: Dodged            ||    75
